 Dungeon Crawl Stone Soup version 0.30-a0-793-g160f7cfddd (webtiles) character file.

Game seed: 4093434831761073331

1046 Esekla the Covert (level 8, -13/54 HPs)
             Began as an Octopode Delver on Feb 19, 2023.
             Was an Initiate of Gozag.
             Mangled by an ogre
             ... wielding a +0 giant club
              (25 damage)
             ... on level 6 of the Dungeon.
             The game lasted 00:40:57 (5644 turns).

Esekla the Covert (Octopode Delver)                 Turns: 5644, Time: 00:40:58

Health: -13/54     AC:  5    Str: 12    XL:     8   Next: 25%
Magic:  11/11      EV: 14    Int: 14    God:    Gozag
Gold:   232        SH:  0    Dex: 13    Spells: 7/11 levels left

rFire   . . .      SeeInvis .    a - +0 falchion
rCold   . . .      Faith    .    (no shield)
rNeg    . . .      Spirit   .    (helmet restricted)
rPois   .          Reflect  .    (no amulet)
rElec   .          Harm     .    h - ring of wizardry
rCorr   .          Rampage  .    G - +4 ring of protection
Will    .....                    (no ring)
Stlth   ++++++                   (no ring)
HPRegen 0.29/turn                (no ring)
MPRegen 0.12/turn                (no ring)
                                 (no ring)
                                 (no ring)

@: no status effects
A: almost no armour, amphibious, 8 rings, camouflage 1, gelatinous body 1,
nimble swimmer 1, tentacles
a: Renounce Religion, Potion Petition, Call Merchant, Bribe Branch


You were on level 6 of the Dungeon.
You worshipped Gozag.
Gozag was aware of your devotion.
You visited 2 branches of the dungeon, and saw 7 of its levels.
You also visited: Sewer.

You collected 912 gold pieces.
You spent 639 gold pieces at shops.
You paid 41 gold pieces to Gozag.

Inventory:

Hand Weapons
 a - a +0 falchion (weapon)
 s - a +0 dagger
Missiles
 c - 4 javelins
 p - 13 curare-tipped darts
 r - 4 poisoned darts (quivered)
Jewellery
 h - a ring of wizardry (left tentacle)
 G - a +4 ring of protection (right tentacle)
Wands
 f - a wand of digging (2)
 l - a wand of flame (36)
Scrolls
 b - 3 scrolls of fog
 i - 5 scrolls of enchant weapon {unknown}
 n - a scroll of fear
 q - 2 scrolls of magic mapping
 u - a scroll of brand weapon {unknown}
 x - 5 scrolls of teleportation
 y - 3 scrolls of enchant armour
 z - a scroll of acquirement {unknown}
 A - a scroll of poison {unknown}
 D - a scroll of blinking {unknown}
Potions
 d - 2 potions of mutation
 e - 2 potions of haste
 g - 2 potions of heal wounds
 k - 5 potions of attraction {unknown}
 o - a potion of brilliance {unknown}
 t - a potion of cancellation
 w - 2 potions of curing
 B - 2 potions of might
 C - a potion of flight {unknown}
 E - a potion of lignification


   Skills:
 * Level 4.6 Fighting
 + Level 0.8(3.0) Short Blades
 * Level 4.6(4.7) Long Blades
 + Level 0.6 Throwing
 * Level 3.7 Dodging
 + Level 9.2 Stealth
 * Level 2.3 Spellcasting
 * Level 2.0 Transmutations
 * Level 2.0 Air Magic
 * Level 1.2 Earth Magic


You had 7 spell levels left.
You knew the following spells:

 Your Spells              Type           Power      Damage    Failure   Level
k - Airstrike             Air            3%         2d(1-17)  36%         4

Your spell library contained the following spells:

 Spells                   Type           Power      Damage    Failure   Level
 Summon Small Mammal      Summ           4%         N/A       9%          1
 Ensorcelled Hibernation  Hex/Ice        2%         N/A       14%         2
 Spider Form              Tmut/Pois      4%         N/A       17%         3
 Call Canine Familiar     Summ           1%         N/A       26%         3
 Summon Guardian Golem    Hex/Summ       1%         N/A       26%         3
 Summon Lightning Spire   Summ/Air       4%         N/A       50%         4
 Leda's Liquefaction      Hex/Erth       1%         N/A       54%         4
 Anguish                  Hex/Necr       0%         N/A       63%         4
 Lee's Rapid Deconstruct  Erth           2%         3d5*      80%         5
 Lightning Bolt           Conj/Air       2%         1d13      82%         5
 Statue Form              Tmut/Erth      4%         N/A       99%         6


Dungeon Overview and Level Annotations

Branches:
Dungeon (6/15)             Temple (1/1) D:6           Sewer (visited)

Altars:
Ashenzari
Cheibriados
Dithmenos
Fedhas
Gozag
Hepliaklqana
Trog
Uskayaw
Yredelemnul
The Shining One

Shops:
D:1 ?   D:5 **?=

Annotations:
D:4 Dowan, Duvessa
D:5 Grinder, Ijyb, Pikel


Innate Abilities, Weirdness & Mutations

You cannot wear most types of armour.
You are amphibious.
You can wear up to eight rings at the same time.
Your skin changes colour to match your surroundings (Stealth+).
Your rubbery body absorbs attacks. (AC +1, EV +1)
You are camouflaged when in or above water. (Stealth+)
You have tentacles for arms and can constrict up to eight enemies at once.


Message History

Press: ? - help, Q - select action, (/) - cycle Shift-Dir - straight line, f - ogre
Aim: an ogre, wielding a +0 giant club (74% to hit)
Okay, then.
Throw: 6 darts (poison)
Press: ? - help, Q - select action, (/) - cycle Shift-Dir - straight line, f - ogre
Aim: an ogre, wielding a +0 giant club (74% to hit)
Okay, then.
Throw: 6 darts (poison)
Press: ? - help, Q - select action, (/) - cycle Shift-Dir - straight line, f - ogre
Aim: an ogre, wielding a +0 giant club (74% to hit)
You throw a poisoned dart. The poisoned dart hits the ogre.
The ogre is poisoned.
You hear a splash.
Throw: 5 darts (poison)
Press: ? - help, Q - select action, (/) - cycle Shift-Dir - straight line, f/p - ogre
Aim: an ogre, wielding a +0 giant club (poisoned, 74% to hit)
You throw a poisoned dart. The poisoned dart hits the ogre.
You hear a splash.
The ogre hits you with a +0 giant club!
You barely miss the ogre.
The ogre is lightly wounded.
The ogre hits you with a +0 giant club!
You hit the ogre but do no damage. You squeeze the ogre.
The ogre is moderately wounded.
You slash the ogre! Your squeeze misses the ogre.
The ogre is heavily wounded.
The ogre completely misses you.
You barely miss the ogre. Your squeeze misses the ogre.
The ogre is severely wounded.
The ogre closely misses you.
You barely miss the ogre.
The ogre is severely wounded.
You barely miss the ogre.
The ogre is severely wounded.
The ogre hits you with a +0 giant club!!
* * * LOW HITPOINT WARNING * * *
The ogre attacks as you move away!
The ogre hits you with a +0 giant club!!
You die...
Your body crumbles into a pile of gold.

#....>###'###....#.+###..
*#...............P.......
#............P~PP~~.....
#..........~~PPPP~~.....
#.........PPP~♣~~PP.....
#.......~PP♣~~~P........
#...P.~P~~♣~~PPPP.......
#..P~PO~~♣~P.~..........
########..P(≈@~♣~~#...####...#
####...#..#.P(~≈♣♣~~~P...######'#
........#....P~~≈≈♣~P~.....#.....
........+...PPP~♣≈~~P~P....#.....
........#....PPPP~~♣♣~~~~~~#.....
####.####.##.#~PP~~♣≈♣≈~~~~.#....
####O####.##.##.#P~PPP(P♣~~~#....
..>........#.......~.P~P~P~~#....
....#+#....#..........#.....#....


You could see an ogre (poisoned).

Vanquished Creatures
  3 phantoms
  A lemure (D:4)
  3 kobold brigands
  A necrophage (D:5)
  3 scorpions
  A howler monkey (D:5)
  2 hounds (D:5)
  A jelly (D:5)
  3 gnolls (D:5)
  11 adders
  A river rat (Sewer)
  A shadow imp (D:5)
  A white imp (D:6)
  2 worms (D:3)
  10 orcs
  12 ball pythons
  6 endoplasms
  6 giant cockroaches
  8 goblins
  6 hobgoblins
  17 kobolds
  A quokka (D:4)
  3 frilled lizards
  7 rats
110 creatures vanquished.

Vanquished Creatures (others)
  19 plants (D:6)
19 creatures vanquished.

Grand Total: 129 creatures vanquished

Notes
Turn   | Place    | Note
-------+----------+-------------------------------------------
     0 | D:5      | Esekla the Octopode Delver began the quest for the Orb.
     0 | D:5      | Reached XP level 1. HP: 16/16 MP: 1/1
    25 | D:5      | Noticed a phantom
    31 | D:5      | Noticed a necrophage
   104 | D:5      | Noticed a howler monkey
   110 | D:5      | Killed a howler monkey
   111 | D:5      | Reached skill level 7 in Stealth
   111 | D:5      | Reached XP level 2. HP: 16/21 MP: 1/3
   111 | D:5      | Reached XP level 3. HP: 20/26 MP: 1/4
   113 | D:5      | Found Dymeemmi's Magic Scroll Shoppe.
   115 | D:5      | Found Ytamed's Jewellery Shoppe.
   115 | D:5      | Found Acuaduoco's General Store.
   117 | D:5      | Found Borr's Assorted Antiques.
   273 | D:4      | Found a hazy altar of Hepliaklqana.
   276 | D:4      | Found a basalt altar of Yredelemnul.
   278 | D:4      | Found a shadowy altar of Dithmenos.
   572 | D:4      | Noticed Duvessa
   573 | D:4      | Noticed Dowan
   663 | D:4      | Noticed a phantom
   680 | D:4      | Reached XP level 4. HP: 31/31 MP: 5/5
   997 | D:5      | Reached skill level 1 in Spellcasting
  1003 | D:5      | Killed a necrophage
  1004 | D:5      | Reached skill level 8 in Stealth
  1004 | D:5      | Reached XP level 5. HP: 37/37 MP: 6/6
  1213 | D:6      | Found a staircase to the Ecumenical Temple.
  1363 | Temple   | Entered the Ecumenical Temple
  1378 | Temple   | Became a worshipper of Gozag Ym Sagoz the Greedy
  1492 | D:5      | Noticed a lemure
  1504 | D:5      | Noticed Ijyb
  1644 | D:3      | Reached XP level 6. HP: 43/43 MP: 8/8
  1806 | D:3      | Identified the +1 mace "Venuenk" {heavy, rElec Str+6 Int-5}
  1948 | D:3      | Found a glowing drain.
  1979 | Sewer    | Entered a sewer
  2284 | Sewer    | Reached skill level 1 in Air Magic
  2284 | Sewer    | Reached XP level 7. HP: 20/48 MP: 9/9
  2908 | D:1      | Found Wopp's Magic Scroll Emporium.
  2924 | D:1      | Bought a scroll of identify for 28 gold pieces
  2924 | D:1      | Bought a scroll of identify for 28 gold pieces
  2924 | D:1      | Bought a scroll of identify for 28 gold pieces
  4141 | D:4      | Reached skill level 9 in Stealth
  4255 | D:5      | Noticed Grinder
  4398 | D:5      | Bought a scroll labelled NOAZEBB JYNE for 21 gold pieces
  4398 | D:5      | Bought a scroll labelled ASIBEOM DIMNI for 21 gold pieces
  4398 | D:5      | Bought a scroll labelled BUBAJUPLES for 21 gold pieces
  4401 | D:5      | Bought a potion of lignification for 30 gold pieces
  4404 | D:5      | Bought a scroll of noise for 11 gold pieces
  4404 | D:5      | Bought a scroll of teleportation for 33 gold pieces
  4404 | D:5      | Bought a scroll of identify for 22 gold pieces
  4407 | D:5      | Bought a +4 ring of protection for 396 gold pieces
  4511 | D:5      | Learned a level 4 spell: Airstrike
  4645 | D:5      | Noticed Pikel
  5190 | D:6      | Reached skill level 1 in Transmutations
  5190 | D:6      | Reached skill level 1 in Earth Magic
  5190 | D:6      | Reached XP level 8. HP: 41/54 MP: 11/11
  5644 | D:6      | Mangled by an ogre

Illustrated notes

Levels and vault maps discovered:
D:1:      roderic_octagonal_star, layout_basic, serial_shops,
          nicolae_diamond_shop, chequers_serial_rivers_micro_a
D:2:      layout_rooms, serial_co_window_serial, co_window_cross_1,
          co_window_corner_a, co_window_corner_a, co_window_corner_a,
          co_window_cross_1, co_window_2corner, co_window_corner_ca,
          co_window_2corner, co_window_4corner_a, glass_columns_a,
          glass_columns_c, glass_columns_a, glass_columns_a
D:3:      layout_rooms, portal_sewer_entry_a
D:4:      layout_gridville, grunt_temple_overflow_open, minmay_misc_feat_cross,
          chequers_serial_rivers_micro_b, uniq_duvessa
D:5:      layout_basic, minmay_shop_grid_forest, kennysheep_boxes, uniq_pikel,
          uniq_ijyb, uniq_grinder
D:6:      layout_gridville, minmay_temple_entry_poolview,
          chequers_serial_rivers_micro_e, minmay_stone_trees_small,
          grunt_ministairs_14, serial_bayou_lagoon_a
Temple:   nicolae_temple_bog_church

Skill      XL: |  1  2  3  4  5  6  7  8 |
---------------+-------------------------+-----
Stealth        | 7 8 9 |  9.2
Spellcasting   | 1 2 |  2.3
Fighting       | 4 |  4.6
Long Blades    | 3 4 |  4.6
Dodging        | 3 |  3.7
Air Magic      | 1 2 |  2.0
Transmutations | 1 2 |  2.0
Earth Magic    | 1 |  1.2
Short Blades   | |  0.8
Throwing       | |  0.6

Action                     |  1- 3 |  4- 6 |  7- 9 || total
---------------------------+-------+-------+-------++-------
  Melee: Falchion          |    27 |    77 |    89 ||   193
         Constrict         |     6 |    25 |    18 ||    49
         Tentacles         |     5 |    24 |    19 ||    48
         Dagger            |       |    22 |    21 ||    43
         Punch             |       |       |     1 ||     1
  Throw: Dart              |       |     5 |    17 ||    22
   Cast: Airstrike         |       |       |     2 ||     2
  Evoke: Wand              |       |     1 |     1 ||     2
    Use: Scroll            |     2 |     1 |     8 ||    11
         Potion            |       |       |     1 ||     1
   Stab: Sleeping          |     3 |    18 |    13 ||    34
         Distracted        |     1 |     1 |       ||     2
 Armour: Skin              |     1 |     2 |    16 ||    19
  Dodge: Dodged            |    10 |    47 |    55 ||   112

Table legend: (Time is in decaauts)
 A = Elapsed time spent in this place.
 B = Non-inter-level travel time spent in this place.
 C = Inter-level travel time spent in this place.
 D = Time resting spent in this place.
 E = Time spent auto-exploring this place.
 F = Levels seen in this place.
 G = Mean time per level.
                   A        B        C        D        E       F      G
               +--------+--------+--------+--------+--------+-----+--------+
         Total |   5653 |   5507 |    146 |    868 |    957 |   8 |  706.6 |
       Dungeon |   5221 |   5090 |    131 |    751 |    932 |   6 |  870.2 |
        Temple |     30 |     15 |     15 |      0 |      0 |   1 |   30.0 |
         Sewer |    401 |    401 |      0 |    117 |     25 |   1 |  401.0 |
               +--------+--------+--------+--------+--------+-----+--------+

Top non-repeatable levels by time:
     D:5: 1213 daAuts
     D:4: 1160 daAuts
     D:6: 844 daAuts
     D:1: 811 daAuts
     D:2: 707 daAuts
     D:3: 484 daAuts
   Sewer: 401 daAuts
  Temple: 30 daAuts
